 Dungeon Crawl Stone Soup version 0.28-a0-1117-g0bdd5ba030 (webtiles) character file.

Game seed: 2024682882003290796

3171 bande the Cleaver (level 9, -2/55 HPs)
             Began as a Gargoyle Fighter on Dec 12, 2021.
             Was a Follower of Okawaru.
             Slain by a two-headed ogre (17 damage)
             ... on level 7 of the Dungeon.
             The game lasted 00:09:20 (8537 turns).

bande the Cleaver (Gargoyle Fighter)                Turns: 8537, Time: 00:09:20

Health: -2/55      AC: 17    Str: 20    XL:     9   Next: 94%
Magic:  9/9        EV: 13    Int:  9    God:    Okawaru [*.....]
Gold:   1344       SH:  5    Dex: 13    Spells: 8/8 levels left

rFire   . . .      SeeInvis .   a - +0 war axe
rCold   + . .      Faith    +   c - +0 buckler
rNeg    + . .      Spirit   .   b - +0 scale mail
rPois   ∞          Reflect  .   (no helmet)
rElec   +          Harm     .   (no cloak)
rCorr   .          Rampage  .   l - +2 pair of gloves
Will    .....                   (no boots)
Stlth   ..........              h - amulet of faith
HPRegen 0.18/turn               i - ring of protection from cold
MPRegen 0.11/turn               o - +4 ring of evasion

@: no status effects
A: sickness immunity, AC +6, negative energy resistance 1, electricity
resistance, torment resistance 1, petrification resistance
a: Renounce Religion, Heroism


You were on level 7 of the Dungeon.
You worshipped Okawaru.
Okawaru was aware of your devotion.
You visited 2 branches of the dungeon, and saw 8 of its levels.

You collected 1344 gold pieces.

Inventory:

Hand Weapons
 a - a +0 war axe (weapon)
 g - a +0 flail
Missiles
 j - 2 throwing nets (quivered)
Armour
 b - a +0 scale mail (worn)
 c - a +0 buckler (worn)
 l - a +2 pair of gloves (worn)
Jewellery
 h - an amulet of faith (around neck)
 i - a ring of protection from cold (left hand)
 o - a +4 ring of evasion (right hand)
 p - a ring of ice
 t - a ring of magical power
 w - an amulet of magic regeneration
 x - an amulet of the acrobat
Wands
 r - a wand of polymorph (12)
 s - a wand of acid (4)
 v - a wand of digging (6)
 y - a wand of charming (1)
Scrolls
 f - a scroll of enchant armour
Potions
 d - a potion of might
 e - 4 potions of curing
 k - a potion of brilliance
 m - a potion of cancellation
 n - 3 potions of haste
 q - a potion of heal wounds
 u - a potion of flight
 z - a potion of invisibility {unknown}


   Skills:
 + Level 6.3 Fighting
 + Level 8.4 Axes
 + Level 7.2 Armour
 - Level 0.1 Dodging
 - Level 0.2 Stealth
 + Level 5.7 Shields
 * Level 4.5 Evocations


You had 8 spell levels left.
You didn't know any spells.
Your spell library was empty.

Dungeon Overview and Level Annotations

Branches:
Dungeon (7/15)             Temple (1/1) D:6

Altars:
Elyvilon
Fedhas
Gozag
Hepliaklqana
Makhleb
Nemelex Xobeh
Okawaru
Sif Muna
Trog
Xom
Yredelemnul
Zin

Shops:
D:1 *


Innate Abilities, Weirdness & Mutations

You are immune to sickness and miasma.
Your stone body is resilient. (AC +6)
You are immune to poison.
You resist negative energy. (rN+)
You are resistant to electric shocks. (rElec)
You are resistant to unholy torment.
You are immune to petrification.


Message History

The howler monkey is moderately wounded.
The howler monkey hits you but does no damage.
You slash the howler monkey!
The howler monkey is severely wounded.
The howler monkey misses you.
The two-headed ogre completely misses you.
The two-headed ogre closely misses you.
You barely miss the howler monkey.
The howler monkey is severely wounded.
You slash the two-headed ogre!
The howler monkey hits you but does no damage.
The howler monkey hoots and howls with incredible vigour!
Something shouts, "Away with thee, thou wayward base-court gnoll-tail!"
You hear an angry growl.
You slash the two-headed ogre!
The two-headed ogre is moderately wounded.
You hit the howler monkey.
The two-headed ogre hits you but does no damage.
The two-headed ogre hits you with a +0 giant club.
The howler monkey barely misses you.
You hit the two-headed ogre.
The two-headed ogre is moderately wounded.
You hit the howler monkey.
You kill the howler monkey!
Okawaru accepts your kill.
The two-headed ogre hits you with a +0 giant club!
The two-headed ogre closely misses you.
You barely miss the two-headed ogre.
The two-headed ogre is moderately wounded.
The two-headed ogre hits you with a +0 giant club!
The two-headed ogre hits you but does no damage.
You slash the two-headed ogre!
The two-headed ogre is heavily wounded.
The two-headed ogre hits you with a +0 giant club!
The two-headed ogre hits you with a +0 giant club.
* * * LOW HITPOINT WARNING * * *
You hit the two-headed ogre.
The two-headed ogre is heavily wounded.
The two-headed ogre hits you with a +0 giant club!
You die...

##### #...#
#...# #...#
#...# #...#
#...# ######
#.@†# .....#
#.O.# .....#
#.#.## .....##
#.#..##
......#
#.##..##
....... #.
##(.###†....#.
#.
##....y......
#.
######...##..#
#. #........#


You could see a two-headed ogre.

Vanquished Creatures
  Pikel (D:6)
  Prince Ribbit (D:5)
  A wyvern (D:7)
  4 vampire mosquitoes (D:6)
  3 sky beasts (D:6)
  3 ice beasts (D:6)
  2 ogres (D:6)
  A centaur (D:6)
  A phantom (D:5)
  A bullfrog (D:6)
  3 scorpions
  3 howler monkeys
  A bullfrog zombie (D:6)
  A hound (D:5)
  A jelly (D:6)
  A bullfrog skeleton (D:4)
  An orc priest (D:4)
  A scorpion zombie (D:4)
  2 centaur skeletons
  2 iguanas
  6 orc wizards
  A killer bee zombie (D:5)
  A hound skeleton (D:4)
  3 gnolls
  8 adders
  A white imp (D:5)
  An ufetubus (D:5)
  A worm (D:4)
  3 dart slugs
  16 orcs
  5 bats
  4 endoplasms
  3 giant cockroaches
  5 goblins
  4 hobgoblins
  3 jackals (D:2)
  8 kobolds
  A quokka (D:1)
  5 ball pythons
  A frilled lizard (D:1)
  2 rats
116 creatures vanquished.

Vanquished Creatures (others)
  An orc wizard (D:6)
  4 fungi (D:2)
5 creatures vanquished.

Grand Total: 121 creatures vanquished

Notes
Turn   | Place    | Note
-------+----------+-------------------------------------------
     0 | D:1      | bande the Gargoyle Fighter began the quest for the Orb.
     0 | D:1      | Reached XP level 1. HP: 14/14 MP: 1/1
   102 | D:1      | Found Weaw Daaddu's Assorted Antiques.
   235 | D:1      | Reached XP level 2. HP: 18/19 MP: 2/2
   300 | D:1      | Reached skill level 2 in Axes
   615 | D:2      | Reached XP level 3. HP: 24/24 MP: 3/3
   843 | D:2      | Identified a scroll of acquirement
   843 | D:2      | Acquired 953 gold pieces
   872 | D:2      | Found a faded altar of an unknown god.
   950 | D:2      | Reached XP level 4. HP: 29/29 MP: 4/4
  1999 | D:3      | Reached skill level 3 in Axes
  1999 | D:3      | Reached XP level 5. HP: 20/33 MP: 5/5
  3100 | D:3      | HP: 1/33 [something/magic dart (5)]
  3440 | D:4      | Reached XP level 6. HP: 29/38 MP: 6/6
  3737 | D:4      | Reached skill level 4 in Axes
  3913 | D:4      | Reached skill level 5 in Armour
  4186 | D:4      | Reached XP level 7. HP: 44/44 MP: 7/7
  4366 | D:4      | Found a shimmering blue altar of Sif Muna.
  4525 | D:5      | Entered Level 5 of the Dungeon
  4975 | D:5      | Noticed Prince Ribbit
  5008 | D:5      | Killed Prince Ribbit
  5009 | D:5      | Reached skill level 5 in Axes
  5009 | D:5      | Reached skill level 1 in Evocations
  5470 | D:5      | Reached XP level 8. HP: 39/48 MP: 8/8
  5646 | D:5      | Reached skill level 5 in Fighting
  6045 | D:6      | Reached skill level 6 in Axes
  6277 | D:6      | Noticed Pikel
  6322 | D:6      | Killed Pikel
  6323 | D:6      | Reached XP level 9. HP: 16/54 MP: 9/9
  6673 | D:6      | Reached skill level 7 in Axes
  6742 | D:6      | Reached skill level 5 in Shields
  7698 | D:6      | Found a staircase to the Ecumenical Temple.
  7708 | Temple   | Entered the Ecumenical Temple
  7760 | Temple   | Became a worshipper of Warmaster Okawaru
  8010 | D:6      | Reached skill level 8 in Axes
  8027 | D:6      | Reached * piety under Okawaru
  8526 | D:7      | Noticed a two-headed ogre
  8537 | D:7      | Slain by a two-headed ogre

Illustrated notes

Levels and vault maps discovered:
D:1:      minmay_arrival_arboretum_small, layout_rooms, serial_shops, shop
D:2:      layout_loops_ring, shapermc_ecumenical_altar_ellora
D:3:      layout_basic, st_stairs_14, minmay_fountain_box
D:4:      layout_basic, led_sif_pool
D:5:      layout_basic, uniq_prince_ribbit1
D:6:      layout_loops_ring, temple_hall, uniq_pikel
D:7:      layout_rooms, gammafunk_temple_overflow_claw, serial_corexii_hall,
          corexii_hall_statues_x, corexii_hall_statues_s, uniq_joseph,
          uniq_maggie, uniq_crazy_yiuf_cottage
Temple:   regret_index_temple_waves

Skill      XL: |  1  2  3  4  5  6  7  8  9 |
---------------+----------------------------+-----
Axes           | 2 3 4 5 6 8 |  8.4
Fighting       | 4 5 6 |  6.3
Shields        | 4 5 |  5.7
Armour         | 4 5 6 7 |  7.2
Evocations     | 1 3 4 |  4.5
Dodging        | |  0.1
Stealth        | |  0.2

Action                   |  1- 3 |  4- 6 |  7- 9 || total
-------------------------+-------+-------+-------++-------
Melee: War axe           |   109 |   173 |   368 ||   650
  Use: Scroll            |     5 |     3 |     3 ||    11
       Potion            |       |     2 |       ||     2
Armor: Scale mail        |    73 |   116 |   216 ||   405
Dodge: Dodged            |    61 |    90 |   226 ||   377
Block: Buckler           |    29 |    43 |    85 ||   157

Table legend: (Time is in decaauts)
 A = Elapsed time spent in this place.
 B = Non-inter-level travel time spent in this place.
 C = Inter-level travel time spent in this place.
 D = Time resting spent in this place.
 E = Time spent auto-exploring this place.
 F = Levels seen in this place.
 G = Mean time per level.
                   A        B        C        D        E       F      G
               +--------+--------+--------+--------+--------+-----+--------+
         Total |   8707 |   8566 |    141 |   2369 |   4683 |   8 | 1088.4 |
       Dungeon |   8614 |   8509 |    105 |   2369 |   4654 |   7 | 1230.6 |
        Temple |     92 |     56 |     36 |      0 |     29 |   1 |   92.0 |
               +--------+--------+--------+--------+--------+-----+--------+

Top non-repeatable levels by time:
     D:6: 2333 daAuts
     D:5: 1517 daAuts
     D:3: 1480 daAuts
     D:4: 1120 daAuts
     D:2: 1116 daAuts
     D:1: 911 daAuts
     D:7: 133 daAuts
  Temple: 92 daAuts
